 Dungeon Crawl Stone Soup version 0.31-a0-196-g86fe4a5e66 (webtiles) character file.

Game seed: 3147058999235019279

532 porpoise the Shooter (level 7, -6/41 (43) HPs)
             Began as a Tengu Hunter on June 25, 2023.
             Mangled by a wight
             ... wielding a +4 halberd
              (12 damage)
             ... on level 6 of the Dungeon.
             The game lasted 00:08:54 (2934 turns).

porpoise the Shooter (Tengu Hunter)                 Turns: 2934, Time: 00:08:54

HP:   -6/41 (43)    AC:  4    Str: 11    XL:     7   Next: 24%
MP:   8/8           EV: 14    Int:  9    God:
Gold: 245           SH:  0    Dex: 20    Spells: 6/6 levels left

rFire   . . .        b - +2 dagger (drain)
rCold   . . .        (no shield)
rNeg    . . .        c - +0 leather armour
rPois   .            (helmet restricted)
rElec   .            e - +0 cloak
rCorr   .            (no gloves)
SInv    .            (boots unavailable)
Will    .....        (no amulet)
Stlth   +++          (no ring)
HPRegen 0.26/turn    (no ring)
MPRegen 0.11/turn

%: no passive effects
@: flying quickly and evasively, lightly drained, quick
A: beak, talons 3, nimble flight
a: no special abilities


You were on level 6 of the Dungeon.
You visited 1 branch of the dungeon, and saw 6 of its levels.

You collected 245 gold pieces.

Inventory:

Hand Weapons
 a - a +0 shortbow
 b - a +2 dagger of draining (weapon)
Missiles
 n - 2 silver boomerangs
 q - 3 boomerangs
Armour
 c - a +0 leather armour (worn)
 e - a +0 cloak (worn)
Jewellery
 i - a ring of fire
Scrolls
 f - a scroll of butterflies
Potions
 l - 2 potions of brilliance
 o - a potion of berserk rage {unknown}


   Skills:
 + Level 4.1 Fighting
 * Level 7.3 Ranged Weapons
 - Level 2.1 Dodging
 + Level 4.0 Stealth


You had 6 spell levels left.
You didn't know any spells.
Your spell library contained the following spells:

 Spells                   Type           Power      Damage    Failure   Level
 Cigotuvi's Dreadful Rot  Necr/Pois/Air  0%         N/A       63%         2
 Ensorcelled Hibernation  Hex/Ice        0%         N/A       63%         2
 Spider Form              Tmut/Pois      0%         N/A       85%         3
 Anguish                  Hex/Necr       0%         N/A       99%         4
 Dispel Undead            Necr           0%         3d6       99%         4
 Summon Ice Beast         Ice/Summ       0%         N/A       99%         4
 Summon Mana Viper        Hex/Summ       0%         N/A       100%        5
 Death Channel            Necr           0%         N/A       100%        6
 Monstrous Menagerie      Summ           0%         N/A       100%        7


Dungeon Overview and Level Annotations

Branches:
Dungeon (7/15)
 Temple: D:4-7

Altars:
Makhleb
Zin
The Shining One

Annotations:
D:7 Maggie


Innate Abilities, Weirdness & Mutations

You have a beak for a mouth.
You have claws for feet.
Your magical nature lets you fly swiftly and evasively.


Message History

You barely miss the wight. You claw the wight, but do no damage.
You peck the wight.
The wight is almost destroyed.
The wight hits you with a +3 great sword!
The wight hits you from afar with a +4 halberd!
You feel much better. The wight closely misses you.
The wight completely misses you.
You hit the wight but do no damage. You claw the wight, but do no damage.
The wight is almost destroyed.
The wight closely misses you.
The wight hits you from afar with a +4 halberd.
You hit the wight.
You destroy the wight!
The wight misses you.
Your Stealth skill increases to level 4!
Found a scroll of identify.
The wight misses you.
You hit the wight. Your kick misses the wight.
The wight is lightly damaged.
The wight hits you with a +4 halberd!
You feel drained.
You hit the wight. You claw the wight.
The wight is moderately damaged.
The wight hits you with a +4 halberd!
* * * LOW HITPOINT WARNING * * *
You hit the wight but do no damage.
The wight is moderately damaged.
The wight barely misses you.
You hit the wight but do no damage. Your kick misses the wight.
The wight is moderately damaged.
The wight hits you with a +4 halberd.
* * * LOW HITPOINT WARNING * * *
You hit the wight.
The wight is heavily damaged.
The wight closely misses you.
You completely miss the wight. You claw the wight. You peck the wight.
The wight is almost destroyed.
The wight barely misses you.
You hit the wight but do no damage. You claw the wight.
The wight is almost destroyed.
The wight hits you with a +4 halberd!
You die...

#+###
?.... .#
.....# ..
..$.
.####
...#
#.....
#..##...#
#z...#
#@)##.#
##>...#
######


You could see a wight.

Vanquished Creatures
  Eustachio (D:4)
  Blork the orc (D:4)
  2 scorpions (D:4)
  A wight (D:6)
  An iguana (D:4)
  2 gnolls (D:3)
  2 adders
  3 worms
  A dart slug (D:3)
  6 orcs
  4 endoplasms
  7 giant cockroaches
  2 goblins
  5 hobgoblins
  6 jackals
  6 kobolds
  8 quokkas
  3 ball pythons
  9 bats
  4 frilled lizards
  9 rats
83 creatures vanquished.

Notes
Turn   | Place    | Note
-------+----------+-------------------------------------------
     0 | D:1      | porpoise the Tengu Hunter began the quest for the Orb.
     0 | D:1      | Reached XP level 1. HP: 12/12 MP: 2/2
    37 | D:1      | Found a faded altar of an unknown god.
    95 | D:1      | Reached XP level 2. HP: 17/17 MP: 3/3
   693 | D:2      | Reached XP level 3. HP: 22/22 MP: 4/4
   737 | D:2      | Reached skill level 5 in Ranged Weapons
  1532 | D:2      | Reached XP level 4. HP: 27/27 MP: 5/5
  2024 | D:3      | Found a burning altar of Makhleb.
  2114 | D:3      | Found a glowing silver altar of Zin.
  2114 | D:3      | Noticed an angel
  2260 | D:4      | Noticed a scorpion
  2266 | D:4      | Killed a scorpion
  2267 | D:4      | Reached skill level 6 in Ranged Weapons
  2267 | D:4      | Gained mutation: Your magical nature lets you fly swiftly
                  | and evasively. [Tengu growth]
  2267 | D:4      | Reached XP level 5. HP: 26/32 MP: 6/6
  2464 | D:4      | Noticed Eustachio
  2489 | D:4      | Killed Eustachio
  2490 | D:4      | Reached XP level 6. HP: 27/38 MP: 7/7
  2582 | D:4      | Noticed Blork the orc
  2590 | D:4      | Killed Blork the orc
  2738 | D:4      | Reached skill level 7 in Ranged Weapons
  2738 | D:4      | Reached XP level 7. HP: 31/43 MP: 8/8
  2824 | D:4      | Found a glowing golden altar of the Shining One.
  2896 | D:4      | You are sucked into a shaft and drop 3 floors!
  2903 | D:7      | Noticed Maggie
  2934 | D:6      | Mangled by a wight

Illustrated notes

Levels and vault maps discovered:
D:1:      eino_arrival_cavern_e, layout_basic,
          hellmonk_ecumenical_altar_crossroads, interstate_on_off,
          glass_columns_a, minmay_box_of_dots
D:2:      layout_loops_corners, corexii_leaking_fountain
D:3:      layout_basic, zin_angel, mainiacjoe_overflow_six_doors_small,
          palyth_stone_intersect
D:4:      layout_gridville, tso_oasis_becter, uniq_eustachio, uniq_blork_the_orc
D:6:      layout_basic, yredelemnul_forgotten_temple_becter, kennysheep_mini,
          minmay_temple_entry_poolview
D:7:      layout_cave_pools, enter_bailey_3, uniq_maggie

Skill      XL: |  1  2  3  4  5  6  7 |
---------------+----------------------+-----
Ranged Weapons | 5 6 7 |  7.3
Stealth        | 2 3 4 |  4.0
Fighting       | 3 4 |  4.1
Dodging        | |  2.1

Action                     |  1- 3 |  4- 6 |  7- 9 || total
---------------------------+-------+-------+-------++-------
  Melee: Dagger            |     3 |    30 |    13 ||    46
         Kick              |     1 |     8 |     5 ||    14
         Peck              |       |     6 |     2 ||     8
         Punch             |       |     1 |       ||     1
   Fire: Shortbow          |   104 |    76 |    26 ||   206
    Use: Potion            |       |     2 |     1 ||     3
         Scroll            |       |       |     6 ||     6
 Armour: Leather armour    |     6 |    24 |       ||    30
  Dodge: Dodged            |    15 |    50 |    11 ||    76

Table legend: (Time is in decaauts)
 A = Elapsed time spent in this place.
 B = Non-inter-level travel time spent in this place.
 C = Inter-level travel time spent in this place.
 D = Time resting spent in this place.
 E = Time spent auto-exploring this place.
 F = Levels seen in this place.
 G = Mean time per level.
                   A        B        C        D        E       F      G
               +--------+--------+--------+--------+--------+-----+--------+
         Total |   2927 |   2883 |     44 |    333 |   2063 |   6 |  487.8 |
       Dungeon |   2927 |   2883 |     44 |    333 |   2063 |   6 |  487.8 |
               +--------+--------+--------+--------+--------+-----+--------+

Top non-repeatable levels by time:
     D:2: 915 daAuts
     D:1: 699 daAuts
     D:3: 669 daAuts
     D:4: 606 daAuts
     D:6: 20 daAuts
     D:7: 15 daAuts
